MID
HARTFORD YARD GOATS @ AUGUSTA GREENJACKETS
08/24/2045
 
TOP OF THE 1ST
Hartford Yard Goats batting - Pitching for Augusta GreenJackets : RHP Israel Alvarado
Pitching: RHP Israel Alvarado
Batting: LHB Glenn Lowther 0-0: Called Strike
0-1: Foul Ball, location: 2F
0-2: Ball
1-2: Ball
2-2: SINGLE (Groundball, 4MD, EV 101.2 MPH)
Batting: LHB Bill McGregor 0-0: Ball
Glenn Lowther steals 2nd base
1-0: Ball
Wild Pitch!
Glenn Lowther to third
2-0: Ball
3-0: Called Strike
3-1: Base on Balls
Batting: LHB Greg Valenzuela 0-0: Ball
1-0: Ball
Bill McGregor steals 2nd base
2-0: Swinging Strike
2-1: Swinging Strike
2-2: Strikes out swinging
Batting: RHB Eric Garrett 0-0: Called Strike
0-1: Foul Ball, location: 2F
0-2: Ball
1-2: Ground out 6-3 (Groundball, 56D, EV 98.8 MPH)
Glenn Lowther scores
Batting: RHB Tyler Stebbins 0-0: Swinging Strike
0-1: Ball
1-1: Called Strike
1-2: Strikes out swinging
Top of the 1st over - 1 run, 1 hit, 0 errors, 1 left on base; Hartford 1 - Augusta 0
BOTTOM OF THE 1ST
Augusta GreenJackets batting - Pitching for Hartford Yard Goats : RHP Edward Cadenhead
Pitching: RHP Edward Cadenhead
Batting: LHB J.P. Olson 0-0: Called Strike
0-1: Ball
1-1: Ball
2-1: SINGLE (Line Drive, 7S, EV 90.6 MPH)
Batting: LHB Gil Caraveo 0-0: Ball
J.P. Olson steals 2nd base
1-0: Fly out, F9 (Flyball, 9LS, EV 91.9 MPH)
Batting: RHB Mike Buchanan 0-0: Ground out 2-3 (Groundball, 15S, EV 75.6 MPH)
J.P. Olson to third
Batting: LHB Jared Paige 0-0: Ball
Wild Pitch!
J.P. Olson scores
1-0: Ball
2-0: Called Strike
2-1: Ball
3-1: Foul Ball, location: 2F
3-2: SINGLE (Groundball, 34, EV 103.8 MPH)
Batting: RHB Josh Lippens 0-0: Fielders Choice at 2nd, 5-4 (Groundball, 56, EV 78.8 MPH)
Bottom of the 1st over - 1 run, 2 hits, 0 errors, 1 left on base; Hartford 1 - Augusta 1
TOP OF THE 2ND
Hartford Yard Goats batting - Pitching for Augusta GreenJackets : RHP Israel Alvarado
Batting: LHB Elijah Black 0-0: Swinging Strike
0-1: Foul Ball, location: 2F
0-2: Strikes out swinging
Batting: LHB Zane Kelton 0-0: Fly out, F8 (Flyball, 8LM, EV 88.1 MPH)
Batting: RHB Guillermo Veronese 0-0: Swinging Strike
0-1: Called Strike
0-2: Ball
1-2: Strikes out swinging
Top of the 2nd over - 0 runs, 0 hits, 0 errors, 0 left on base; Hartford 1 - Augusta 1
BOTTOM OF THE 2ND
Augusta GreenJackets batting - Pitching for Hartford Yard Goats : RHP Edward Cadenhead
Batting: RHB Devin Lowery 0-0: Ball
1-0: Called Strike
1-1: Ball
2-1: Swinging Strike
2-2: Strikes out swinging
Batting: RHB Micah McErlean 0-0: Called Strike
0-1: Called Strike
0-2: Ball
1-2: Ball
2-2: Ground out U3 (Groundball, 3S, EV 66.9 MPH)
Batting: RHB Gabe Ochoa 0-0: Called Strike
0-1: Fly out, F7 (Line Drive, 7, EV 91.2 MPH)
Bottom of the 2nd over - 0 runs, 0 hits, 0 errors, 0 left on base; Hartford 1 - Augusta 1
TOP OF THE 3RD
Hartford Yard Goats batting - Pitching for Augusta GreenJackets : RHP Israel Alvarado
Pitching: RHP Chase Joy
Batting: RHB Keith Giarratano 0-0: Ball
1-0: SINGLE (Line Drive, 78S, EV 106.9 MPH)
Batting: LHB Glenn Lowther 0-0: Called Strike
0-1: Ball
1-1: Grounds into double play, 6-4-3 (Groundball, 6, EV 90.6 MPH)
Batting: LHB Bill McGregor 0-0: Foul Ball, location: 2F
0-1: Fly out, F8 (Flyball, 8LM, EV 84.4 MPH)
Top of the 3rd over - 0 runs, 1 hit, 0 errors, 0 left on base; Hartford 1 - Augusta 1
BOTTOM OF THE 3RD
Augusta GreenJackets batting - Pitching for Hartford Yard Goats : RHP Edward Cadenhead
Batting: RHB Ryan Johnston 0-0: Ball
1-0: Swinging Strike
1-1: Ball
2-1: Ball
3-1: Called Strike
3-2: Foul Ball, location: 2F
3-2: Base on Balls
Batting: LHB J.P. Olson 0-0: Ball
1-0: Ball
2-0: Foul Ball, location: 2F
2-1: 2-RUN HOME RUN (Flyball, 9LD, EV 93.1 MPH), Distance : 347 ft
Batting: LHB Gil Caraveo 0-0: SINGLE (Groundball, 4MD, EV 110.6 MPH)
Batting: RHB Mike Buchanan 0-0: Ball
1-0: Foul Ball, location: 2F
1-1: SINGLE (Flyball, 34D, EV 91.2 MPH)
Gil Caraveo to second
Batting: LHB Jared Paige 0-0: Ball
1-0: Foul Ball, location: 2F
1-1: Ball
2-1: Ball
Gil Caraveo steals 3rd base
Mike Buchanan to second
3-1: Reached on error, E5 (Groundball, 56, EV 85.0 MPH)
Gil Caraveo scores
Mike Buchanan scores
Batting: RHB Josh Lippens 0-0: Foul Ball, location: 2F
0-1: DOUBLE (Groundball, 5L, EV 103.1 MPH)
Jared Paige scores
Batting: RHB Devin Lowery 0-0: Foul Ball, location: 2F
0-1: Swinging Strike
0-2: Ball
1-2: Ball
2-2: Strikes out swinging
Batting: RHB Micah McErlean 0-0: Ball
1-0: Called Strike
1-1: Foul Ball, location: 2F
1-2: Reached on error, E1 (Groundball, P, EV 66.9 MPH)
Josh Lippens scores
Batting: RHB Gabe Ochoa 0-0: Called Strike
0-1: Ball
1-1: Ball
2-1: Fly out, F4 (Line Drive, 4, EV 68.1 MPH)
Lined into DP, 4-6 (Line Drive, 4, EV 66.2 MPH)
Bottom of the 3rd over - 6 runs, 4 hits, 2 errors, 0 left on base; Hartford 1 - Augusta 7
TOP OF THE 4TH
Hartford Yard Goats batting - Pitching for Augusta GreenJackets : RHP Chase Joy
Batting: LHB Greg Valenzuela 0-0: Ball
1-0: Swinging Strike
1-1: Swinging Strike
1-2: SINGLE (Line Drive, 7, EV 109.4 MPH)
Batting: RHB Eric Garrett 0-0: Ball
Greg Valenzuela steals 2nd base
1-0: Ground out 5-3 (Groundball, 56, EV 91.2 MPH)
Batting: RHB Tyler Stebbins 0-0: Ball
1-0: Ball
Greg Valenzuela steals 3rd base
2-0: Called Strike
2-1: Ball
3-1: Called Strike
3-2: Strikes out swinging
Batting: LHB Elijah Black 0-0: Called Strike
0-1: Called Strike
0-2: Foul Ball, location: 2F
0-2: Ball
1-2: Ground out 6-3 (Groundball, 6, EV 102.5 MPH)
Top of the 4th over - 0 runs, 1 hit, 0 errors, 1 left on base; Hartford 1 - Augusta 7
BOTTOM OF THE 4TH
Augusta GreenJackets batting - Pitching for Hartford Yard Goats : RHP Edward Cadenhead
Pitching: LHP Dan Ott
Batting: RHB Ryan Johnston 0-0: Ball
1-0: Ground out 4-3 (Groundball, 4M, EV 90.0 MPH)
Batting: LHB J.P. Olson 0-0: Ball
1-0: Ball
2-0: SINGLE (Groundball, 4D, EV 103.8 MPH)
Batting: LHB Gil Caraveo 0-0: Ball
1-0: Grounds into double play, 4-6-3 (Groundball, 4, EV 80.6 MPH)
Bottom of the 4th over - 0 runs, 1 hit, 0 errors, 0 left on base; Hartford 1 - Augusta 7
TOP OF THE 5TH
Hartford Yard Goats batting - Pitching for Augusta GreenJackets : RHP Chase Joy
Batting: LHB Zane Kelton 0-0: Ball
1-0: Ball
2-0: Ground out 1-3 (Groundball, 13S, EV 65.6 MPH)
Batting: RHB Guillermo Veronese 0-0: Ball
1-0: Ball
2-0: Ball
3-0: Called Strike
3-1: SINGLE (Line Drive, 9LS, EV 109.4 MPH)
Batting: RHB Keith Giarratano 0-0: Swinging Strike
0-1: Called Strike
0-2: Ball
1-2: Foul Ball, location: 2F
1-2: Strikes out swinging
Batting: LHB Glenn Lowther 0-0: Ball
Guillermo Veronese steals 2nd base
1-0: SINGLE (Line Drive, 56D, EV 93.8 MPH)
Guillermo Veronese to third
Runner from 3rd tries for Home, SAFE, throw by LF to home
Now in LF: Jonathan Reece
Batting: LHB Bill McGregor 0-0: Ball
1-0: Ball
2-0: Ball
3-0: Base on Balls
Glenn Lowther to second
Batting: LHB Greg Valenzuela 0-0: Ball
1-0: Ball
2-0: Ball
3-0: Base on Balls
Glenn Lowther to third
Bill McGregor to second
Batting: RHB Eric Garrett 0-0: Called Strike
0-1: Ball
1-1: Swinging Strike
1-2: Foul Ball, location: 2F
1-2: Fly out, F6 (Line Drive, 6, EV 73.1 MPH)
Top of the 5th over - 1 run, 2 hits, 0 errors, 3 left on base; Hartford 2 - Augusta 7
BOTTOM OF THE 5TH
Augusta GreenJackets batting - Pitching for Hartford Yard Goats : LHP Dan Ott
Batting: RHB Jonathan Reece 0-0: Foul Ball, location: 2F
0-1: Swinging Strike
0-2: Foul Ball, location: 2F
0-2: Fly out, F8 (Flyball, 89XD, EV 92.5 MPH)
Batting: LHB Jared Paige 0-0: Foul Ball, location: 2F
0-1: Called Strike
0-2: SINGLE (Groundball, 6M, EV 104.4 MPH)
Batting: RHB Josh Lippens 0-0: Ball
Jared Paige steals 2nd base
1-0: Foul Ball, location: 2F
1-1: Ball
2-1: Fly out, F4 (Popup, 34S, EV 86.2 MPH)
Batting: RHB Devin Lowery 0-0: Called Strike
0-1: Called Strike
0-2: Foul Ball, location: 2F
0-2: Ball
1-2: Ball
2-2: Foul Ball, location: 2F
2-2: Strikes out swinging
Bottom of the 5th over - 0 runs, 1 hit, 0 errors, 1 left on base; Hartford 2 - Augusta 7
TOP OF THE 6TH
Hartford Yard Goats batting - Pitching for Augusta GreenJackets : RHP Chase Joy
Batting: RHB Tyler Stebbins 0-0: Foul Ball, location: 2F
0-1: Fly out, F5 (Line Drive, 5, EV 73.1 MPH)
Pitching: RHP John Bittinger
Batting: LHB Elijah Black 0-0: SINGLE (Line Drive, 7S, EV 95.0 MPH)
Batting: LHB Zane Kelton 0-0: Ball
1-0: Fielders Choice at 2nd, 4-6 (Groundball, 4, EV 90.0 MPH)
Batting: RHB Guillermo Veronese 0-0: Ball
Zane Kelton steals 2nd base
1-0: Called Strike
1-1: Called Strike
1-2: Strikes out looking
Top of the 6th over - 0 runs, 1 hit, 0 errors, 1 left on base; Hartford 2 - Augusta 7
BOTTOM OF THE 6TH
Augusta GreenJackets batting - Pitching for Hartford Yard Goats : LHP Dan Ott
Batting: RHB Micah McErlean 0-0: Foul Ball, location: 2F
0-1: Swinging Strike
0-2: Ball
1-2: Ball
2-2: Foul Ball, location: 2F
2-2: Strikes out swinging
Batting: RHB Gabe Ochoa 0-0: Ball
1-0: Ground out 6-3 (Groundball, 56, EV 83.8 MPH)
Batting: RHB Ryan Johnston 0-0: Ball
1-0: Ball
2-0: Foul Ball, location: 2F
2-1: Ball
3-1: Base on Balls
Pitching: LHP Juan Vargas
Batting: LHB J.P. Olson 0-0: Called Strike
0-1: Ball
1-1: Foul Ball, location: 2F
1-2: Ball
2-2: Strikes out swinging
Bottom of the 6th over - 0 runs, 0 hits, 0 errors, 1 left on base; Hartford 2 - Augusta 7
TOP OF THE 7TH
Hartford Yard Goats batting - Pitching for Augusta GreenJackets : RHP John Bittinger
Batting: RHB Keith Giarratano 0-0: Foul Ball, location: 2F
0-1: Ball
1-1: Foul Ball, location: 2F
1-2: Foul Ball, location: 2F
1-2: Foul Ball, location: 2F
1-2: Ground out U3 (Groundball, 13, EV 86.2 MPH)
Batting: LHB Glenn Lowther 0-0: Swinging Strike
0-1: Ball
1-1: Ball
2-1: Called Strike
2-2: Ball
3-2: Foul Ball, location: 2F
3-2: Foul Ball, location: 2F
3-2: Foul Ball, location: 2F
3-2: Base on Balls
Batting: LHB Bill McGregor 0-0: Ball
Glenn Lowther steals 2nd base
1-0: Ball
2-0: Foul Ball, location: 2F
2-1: Swinging Strike
2-2: Foul Ball, location: 2F
2-2: Foul Ball, location: 2F
2-2: Foul Ball, location: 2F
2-2: Foul Ball, location: 2F
2-2: DOUBLE (Groundball, 3L, EV 110.6 MPH)
Glenn Lowther scores
Batting: LHB Greg Valenzuela 0-0: Foul Ball, location: 2F
0-1: Ball
1-1: Swinging Strike
1-2: Ball
2-2: Ball
3-2: DOUBLE (Line Drive, 9LS, EV 98.8 MPH)
Bill McGregor scores
Batting: RHB Eric Garrett 0-0: Ball
1-0: Ball
Greg Valenzuela steals 3rd base
2-0: Foul Ball, location: 2F
2-1: Called Strike
2-2: Ground out 5-3 (Groundball, 56, EV 90.0 MPH)
Greg Valenzuela scores
Batting: RHB Tyler Stebbins 0-0: Foul Ball, location: 2F
0-1: Ball
1-1: Ball
2-1: Fly out, F8 (Flyball, 8LD, EV 106.2 MPH)
Top of the 7th over - 3 runs, 2 hits, 0 errors, 0 left on base; Hartford 5 - Augusta 7
BOTTOM OF THE 7TH
Augusta GreenJackets batting - Pitching for Hartford Yard Goats : LHP Juan Vargas
Batting: LHB Gil Caraveo 0-0: Ball
1-0: Ball
2-0: Called Strike
2-1: Fly out, F4 (Popup, 4D, EV 55.6 MPH)
Batting: RHB Jonathan Reece 0-0: Ball
1-0: Ball
2-0: Foul Ball, location: 2F
2-1: Ball
3-1: Base on Balls
Batting: LHB Jared Paige 0-0: Ball
1-0: Ball
2-0: Foul Ball, location: 2F
2-1: Called Strike
Jonathan Reece steals 2nd base
2-2: Strikes out swinging
Batting: RHB Josh Lippens 0-0: Ground out 6-3 (Groundball, 6M, EV 105.6 MPH)
Bottom of the 7th over - 0 runs, 0 hits, 0 errors, 1 left on base; Hartford 5 - Augusta 7
TOP OF THE 8TH
Hartford Yard Goats batting - Pitching for Augusta GreenJackets : RHP John Bittinger
Pitching: RHP Brian Yinger
Batting: LHB Elijah Black 0-0: Ball
1-0: Ball
2-0: TRIPLE (Line Drive, 9LD, EV 103.1 MPH)
Batting: LHB Zane Kelton 0-0: Ball
1-0: SINGLE (Groundball, 4MS, EV 70.0 MPH) (infield hit)
Elijah Black scores
Batting: RHB Guillermo Veronese 0-0: Bunt missed!
0-1: Bunted foul
0-2: Ball
1-2: Strikes out swinging
Batting: RHB Keith Giarratano
Pinch Hitting: LHB Jeremy Brammer 0-0: Ball
1-0: SINGLE (Line Drive, 89D, EV 110.0 MPH)
Zane Kelton to second
Batting: LHB Glenn Lowther 0-0: Ball
1-0: Swinging Strike
1-1: Fly out, F9 (Line Drive, 9, EV 86.2 MPH)
Batting: LHB Bill McGregor 0-0: Ball
1-0: Foul Ball, location: 2F
1-1: Ball
2-1: Fly out, F8 (Flyball, 8LM, EV 91.9 MPH)
Top of the 8th over - 1 run, 3 hits, 0 errors, 2 left on base; Hartford 6 - Augusta 7
BOTTOM OF THE 8TH
Augusta GreenJackets batting - Pitching for Hartford Yard Goats : LHP Juan Vargas
Pitching: RHP Andy Marlowe
Now at C: Bryce Hickman
Batting: RHB Devin Lowery 0-0: Called Strike
0-1: SINGLE (Line Drive, 7S, EV 86.2 MPH)
Batting: RHB Micah McErlean 0-0: Fly out, F9 (Line Drive, 9, EV 91.2 MPH)
Batting: RHB Gabe Ochoa 0-0: Called Strike
0-1: Ball
1-1: Foul Ball, location: 2F
1-2: Ball
2-2: SINGLE (Groundball, 56D, EV 103.8 MPH)
Devin Lowery to second
Batting: RHB Ryan Johnston 0-0: Called Strike
0-1: Swinging Strike
0-2: Ball
1-2: Ball
2-2: Strikes out swinging
Batting: LHB J.P. Olson 0-0: Foul Ball, location: 2F
0-1: Ball
1-1: Ball
2-1: Foul Ball, location: 2F
2-2: Foul Ball, location: 2F
2-2: Ball
3-2: Foul Ball, location: 2F
3-2: Hit by Pitch
Devin Lowery to third
Gabe Ochoa to second
Batting: LHB Gil Caraveo 0-0: SINGLE (Groundball, 4MD, EV 98.8 MPH)
Devin Lowery scores
Gabe Ochoa to third
J.P. Olson to second
Runner from 3rd tries for Home, SAFE, throw by CF to home
Batting: RHB Jonathan Reece 0-0: Ball
1-0: Ball
2-0: Ball
3-0: Base on Balls
J.P. Olson to third
Gil Caraveo to second
Batting: LHB Jared Paige 0-0: Ground out U3 (Groundball, 3S, EV 62.5 MPH)
Bottom of the 8th over - 2 runs, 3 hits, 0 errors, 3 left on base; Hartford 6 - Augusta 9
TOP OF THE 9TH
Hartford Yard Goats batting - Pitching for Augusta GreenJackets : RHP Brian Yinger
Pitching: RHP Takashi Kino
Batting: LHB Greg Valenzuela 0-0: Ball
1-0: Foul Ball, location: 2F
1-1: Called Strike
1-2: SINGLE (Line Drive, 7LS, EV 92.5 MPH)
Batting: RHB Eric Garrett Pickoff Throw to First - Error! E1
Greg Valenzuela to second
0-0: Called Strike
0-1: Called Strike
0-2: Foul Ball, location: 2F
0-2: Ball
1-2: Ground out 4-3 (Groundball, 4, EV 102.5 MPH)
Greg Valenzuela to third
Batting: RHB Tyler Stebbins 0-0: Called Strike
0-1: Ball
1-1: Ball
2-1: Ball
3-1: Called Strike
3-2: Foul Ball, location: 2F
3-2: Ground out 1-3 (Groundball, P, EV 74.4 MPH)
Batting: LHB Elijah Black 0-0: DOUBLE (Line Drive, 3D, EV 94.4 MPH)
Greg Valenzuela scores
Batting: LHB Zane Kelton 0-0: Called Strike
0-1: Foul Ball, location: 2F
0-2: Ball
1-2: Strikes out looking
Top of the 9th over - 1 run, 2 hits, 1 error, 1 left on base; Hartford 7 - Augusta 9
Wednesday, June 22nd , 2022 - OOTP Baseball 23.4 Build 64